 Dungeon Crawl Stone Soup version 0.28-a0-32-g8dfe7f97f6 (webtiles) character file.

Game seed: 368017160195366784

65 Kattz the Cudgeller (level 3, 28/28 HPs)
             Began as a Demonspawn Gladiator on June 14, 2021.
             Quit the game on level 3 of the Dungeon on Feb 21, 2022.
             The game lasted 00:06:43 (2401 turns).

Kattz the Cudgeller (Demonspawn Gladiator)          Turns: 2401, Time: 00:06:44

Health: 28/28      AC:  6    Str: 15    XL:     3   Next: 92%
Magic:  3/3        EV: 12    Int:  9    God:
Gold:   117        SH:  0    Dex: 14    Spells: 2/2 levels left

rFire   . . .      SeeInvis .   a - +0 flail
rCold   . . .      Faith    .   (no shield)
rNeg    . . .      Spirit   .   b - +0 leather armour
rPois   .          Reflect  .   c - +0 helmet
rElec   .          Harm     .   (no cloak)
rCorr   .          Rampage  .   (no gloves)
Will    .....                   (no boots)
Stlth   +.........              (no amulet)
HPRegen 0.09/turn               (no ring)
MPRegen 0.08/turn               (no ring)

@: no status effects
A: icy blue scales 1
a: no special abilities


You were on level 3 of the Dungeon.
You visited 1 branch of the dungeon, and saw 3 of its levels.

You collected 117 gold pieces.

Inventory:

Hand Weapons
 a - a +0 flail (weapon)
Missiles
 d - 3 throwing nets (quivered)
Armour
 b - a +0 leather armour (worn)
 c - a +0 helmet (worn)
Jewellery
 h - a ring of magical power
Scrolls
 f - a scroll of identify {unknown}
 g - a scroll of enchant armour {unknown}
 i - a scroll of holy word {unknown}
 j - a scroll of fear {unknown}
 l - 2 scrolls of teleportation {unknown}
 m - a scroll of amnesia {unknown}
 n - a scroll of fog {unknown}
 o - a scroll of brand weapon {unknown}
Potions
 e - a potion of heal wounds {unknown}
 k - a potion of cancellation {unknown}


   Skills:
 * Level 2.9 Fighting
 * Level 3.3 Maces & Flails
 - Level 2.2 Throwing
 - Level 3.0 Dodging


You had 2 spell levels left.
You didn't know any spells.
Your spell library was empty.

Dungeon Overview and Level Annotations

Branches:
Dungeon (3/15)

Altars:

Shops:
D:2 :


Innate Abilities, Weirdness & Mutations

You are partially covered in icy blue scales. (AC +2)


Message History

You see here 20 stones.
There is an entrance to Utyashar's Book Boutique here.
The endoplasm quivers.
An endoplasm is nearby!
An endoplasm is nearby!
An endoplasm is nearby!
The endoplasm hits you but does no damage.
You hit the endoplasm.
The endoplasm is almost dead.
The endoplasm barely misses you.
You hit the endoplasm.
You kill the endoplasm!
o - a scroll labelled MUUMIK KIRHOG A bat comes into view.
A bat is nearby!
A bat is nearby!
The helpless bat fails to defend itself.
You hit the bat.
You kill the bat!
There is a stone staircase leading down here.
Things that are here:
a +0 dagger; a stone Done exploring.
Done exploring.
Done exploring.
There is a stone staircase leading down here.
You climb downwards.
A giant cockroach comes into view.
Found a stone staircase leading up.
There is a stone staircase leading up here.
Saving game... please wait.
Welcome back, Kattz the Demonspawn Gladiator.
Press ? for a list of commands and other information.
Your library has no spells.
There are no items here.
Unknown command.
Unknown command.
Are you sure you want to abandon this character and quit the game? (Confirm with "yes".)
Okay, then.
Are you sure you want to abandon this character and quit the game? (Confirm with "yes".) ###########.# ....<..@...B# #############

You could see a giant cockroach (asleep).

Vanquished Creatures
  An adder (D:2)
  2 worms (D:2)
  A dart slug (D:1)
  6 ball pythons
  3 endoplasms
  2 giant cockroaches (D:1)
  5 hobgoblins
  4 jackals (D:1)
  3 quokkas (D:1)
  5 bats
  6 goblins
  5 kobolds (D:2)
  A rat (D:1)
44 creatures vanquished.

Notes
Turn   | Place    | Note
-------+----------+-------------------------------------------
     0 | D:1      | Kattz the Demonspawn Gladiator began the quest for the Orb.
     0 | D:1      | Reached XP level 1. HP: 16/16 MP: 1/1
     4 | D:1      | Upgraded the game from 0.27-a0-1281-ge233d83751 to
                  | 0.28-a0-32-g8dfe7f97f6
   328 | D:1      | Gained mutation: You are partially covered in icy blue
                  | scales. (AC +2) [demonic ancestry]
   328 | D:1      | Reached XP level 2. HP: 22/22 MP: 2/2
   913 | D:1      | Found a faded altar of an unknown god.
   991 | D:1      | Reached XP level 3. HP: 27/28 MP: 3/3
  2059 | D:2      | Found Utyashar's Book Boutique.
  2401 | D:3      | Quit the game

Illustrated notes

Levels and vault maps discovered:
D:1:      dpeg_arrival_rooms_b, layout_loops_ring, ebering_ecumenical_altar_webs
D:2:      layout_basic, serial_shops, shop
D:3:      layout_loops_ring, grunt_temple_overflow_lords_of_destruction,
          gammafunk_temple_overflow_pools, tgw_sif, uniq_terence, uniq_ijyb

Skill      XL: |  1  2  3 |
---------------+----------+-----
Maces & Flails | 3 |  3.3
Throwing       | 2 |  2.2
Dodging        | 3 |  3.0
Fighting       | |  2.9

Action                   || total
-------------------------++-------
Melee: Flail             ||   177
 Stab: Sleeping          ||     4
Armor: Leather armour    ||    84
Dodge: Dodged            ||   146

Table legend: (Time is in decaauts)
 A = Elapsed time spent in this place.
 B = Non-inter-level travel time spent in this place.
 C = Inter-level travel time spent in this place.
 D = Time resting spent in this place.
 E = Time spent auto-exploring this place.
 F = Levels seen in this place.
 G = Mean time per level.
                   A        B        C        D        E       F      G
               +--------+--------+--------+--------+--------+-----+--------+
         Total |   2443 |   2368 |     75 |      0 |   1966 |   3 |  814.3 |
       Dungeon |   2443 |   2368 |     75 |      0 |   1966 |   3 |  814.3 |
               +--------+--------+--------+--------+--------+-----+--------+

Top non-repeatable levels by time:
     D:1: 1251 daAuts
     D:2: 1190 daAuts
     D:3: 1 daAuts
